 Dungeon Crawl Stone Soup version 0.30-b1-2-g02819fbbbe (webtiles) character file.

Game seed: 13897547953666327946

133349 LLlMATKO the Impregnable (level 16, -9/231 HPs)
             Began as a Minotaur Berserker on July 25, 2023.
             Was a High Priest of Trog.
             Mangled by a merfolk impaler
             ... wielding a +6 demon trident of electrocution
              (16 damage)
             ... on level 2 of the Shoals.
             The game lasted 00:34:31 (25275 turns).

LLlMATKO the Impregnable (Minotaur Berserker)      Turns: 25275, Time: 00:34:32

Health: -9/231     AC: 31    Str: 32    XL:     16   Next: 59%
Magic:  15/15      EV: 13    Int:  6    God:    Trog [*****.]
Gold:   1863       SH: 10    Dex: 14    Spells: 15/15 levels left

rFire   . . .        G - +5 broad axe (heavy)
rCold   + + .        a - +2 buckler "Ukhuin" {Fly rPois Int+2}
rNeg    . . .        e - +0 gold dragon scales
rPois   +            H - +2 hat
rElec   .            d - +2 cloak {Stlth+}
rCorr   .            q - +0 pair of gloves
SInv    .            (no boots)
Will    +++..        z - amulet of regeneration Stlth
                     j - +6 ring of strength
HPRegen 2.38/turn    f - ring of ice
MPRegen 0.14/turn

%: no passive effects
@: berserking (expiring), strong-willed, flying, regenerating, studying Armour,
very quick
A: horns 2, retaliatory headbutt
a: Renounce Religion, Berserk, Trog's Hand, Brothers in Arms


You were on level 2 of the Shoals.
You worshipped Trog.
Trog was extremely pleased with you.
You visited 4 branches of the dungeon, and saw 24 of its levels.
You also visited: Bailey and Ice Cave.

You collected 3943 gold pieces.
You spent 2080 gold pieces at shops.

Inventory:

Hand Weapons
 G - a +5 heavy broad axe (weapon)
Missiles
 v - 9 curare-tipped darts (quivered)
 J - 68 poisoned darts
 K - 6 throwing nets
 O - 11 javelins
 Z - 7 silver javelins
Armour
 a - the +2 buckler "Ukhuin" (worn) {Fly rPois Int+2}
   (You acquired it on level 7 of the Dungeon)

   Int:       It affects your intelligence (+2).
   rPois:     It protects you from poison.
   Fly:       It grants you flight.
 d - a +2 cloak of stealth (worn)
 e - +0 gold dragon scales (worn)
 q - a +0 pair of gloves (worn)
 H - a +2 hat (worn)
Jewellery
 f - a ring of ice (right hand)
 i - a ring of flight
 j - a +6 ring of strength (left hand)
 n - the amulet of Edaipuelle {RegenMP Rampage Stlth+}
   (You found it in an ice cave)

   [amulet of magic regeneration]

   It increases your rate of magic regeneration.
   Rampage:   It bestows one free step when moving towards enemies.
   Stlth:     It makes you more stealthy.
 w - a +6 ring of dexterity
 z - an amulet of regeneration (around neck)
 C - the ring of the Magpie {Wiz rPois MP+9}
   (You found it in an ice cave)

   [ring of wizardry]

   It improves your spell success rate.
   rPois:     It protects you from poison.
   MP:        It affects your magic capacity (+9).
 D - a ring of willpower
 F - the ring "Tumal" {MP+9 Dex+2}
   (You found it in an ice cave)

   [ring of magical power]

   Dex:       It affects your dexterity (+2).
   MP:        It affects your magic capacity (+9).
 M - a ring of see invisible
 R - a ring of protection from cold
 W - a ring of resist corrosion
Wands
 t - a wand of flame (24)
 u - a wand of roots (11)
 y - a wand of mindburst (9)
 S - a wand of polymorph (5)
 T - a wand of light (5)
 U - a wand of paralysis (14)
Scrolls
 b - 2 scrolls of magic mapping
 c - 12 scrolls of identify
 l - 3 scrolls of poison
 o - 14 scrolls of teleportation
 p - 2 scrolls of vulnerability
 A - 3 scrolls of blinking
 E - 4 scrolls of summoning
 I - a scroll of brand weapon
 L - 8 scrolls of fear
 P - 3 scrolls of fog {unknown}
 Q - a scroll of silence {unknown}
 V - 2 scrolls of enchant weapon
Potions
 g - 7 potions of magic
 h - 3 potions of resistance
 k - 3 potions of haste
 m - 10 potions of curing
 r - 6 potions of ambrosia
 s - 3 potions of flight
 x - 5 potions of invisibility
 B - 6 potions of might
 N - 5 potions of heal wounds
 X - a potion of berserk rage {unknown}
 Y - 2 potions of cancellation {unknown}


   Skills:
 + Level 16.9 Fighting
 + Level 19.9 Axes
 + Level 21.2 Armour
 + Level 15.4 Dodging
 + Level 15.4 Shields


You had 15 spell levels left.
You didn't know any spells.
Your spell library was empty.

Dungeon Overview and Level Annotations

Branches:
Dungeon (15/15)            Temple (0/1) D:5            Lair (5/5) D:9
 Shoals (2/4) Lair:2       Spider (0/4) Lair:3        Slime (0/5) Lair:5
    Orc (2/2) D:11            Elf (0/3) Orc:2        Vaults (0/5) D:14
 Depths (0/4) D:15         Bailey (visited)           IceCv (visited)

Altars:
Ashenzari
Gozag
Nemelex Xobeh
Sif Muna
Trog
Uskayaw
Wu Jian
Yredelemnul
Jiyva

Shops:
D:2 :   D:10 [   D:12 *   Orc:2 *=[   Shoals:2 (

Annotations:
Shoals:2 1 transporter


Innate Abilities, Weirdness & Mutations

You have a pair of horns on your head.
You reflexively headbutt those who attack you in melee.


Message History

The moth of wrath bites you but does no damage.
You block the merfolk's attack.
The merfolk impaler hits you with a +6 demon trident of electrocution.
You are electrocuted!
* * * LOW HITPOINT WARNING * * *
The merfolk barely misses you. The merfolk impaler barely misses you.
You block the merfolk impaler's attack.
The merfolk hits you but does no damage.
You completely miss the merfolk. You miss the merfolk impaler.
You closely miss the moth of wrath. The merfolk closely misses you.
The moth of wrath misses you. You block the merfolk impaler's attack.
You block the merfolk's attack.
The merfolk impaler barely misses you. x2
The merfolk barely misses you.
Unknown command.
You completely miss the merfolk. You slice the merfolk impaler!!
You slice the moth of wrath!!
You kill the moth of wrath!
Trog accepts your kill. The merfolk impaler closely misses you.
You furiously retaliate!
You headbutt the merfolk impaler!!
The merfolk hits you from afar with a +0 glaive.
* * * LOW HITPOINT WARNING * * *
The merfolk hits you with a +0 glaive!!
* * * LOW HITPOINT WARNING * * *
The merfolk impaler closely misses you. You block the merfolk impaler's attack.
The merfolk impaler hits you from afar with a +1 trident of venom.
* * * LOW HITPOINT WARNING * * *
The merfolk barely misses you.
You carve the merfolk like a ham!!!
The merfolk is severely wounded.
You miss the merfolk impaler.
The merfolk hits you from afar with a +0 glaive!
* * * LOW HITPOINT WARNING * * *
You block the merfolk impaler's attack. The merfolk hits you with a +0 glaive!!
* * * LOW HITPOINT WARNING * * *
The merfolk impaler hits you from afar with a +1 trident of venom.
* * * LOW HITPOINT WARNING * * *
The merfolk impaler barely misses you.
The merfolk impaler hits you with a +6 demon trident of electrocution!
You die...

≈≈≈≈~~~~~.......~~~~~~~~..##~≈≈~.
≈≈≈~~~~~..........~~~~..÷.##~~...
≈≈≈~~.............~~~~~~~........
≈~~~~........#####~~~~......>....
~~~~.......###...###~.......~~...
~~~~......####.....##~~.###..~≈≈~
~~~.......#..###....#~~.###.~.≈≈≈
~~~.....(##..#≈#†...##.....~≈...~
≈~~......#...#ym@....#~~~..~~~...
≈~~~....©#©...mm)##.©#©~..##.~..~
≈~~~.....#..##mmm§#..#.....##...~
~~)))....##.#≈#.######.....#.....
~~~.......#####.... #...#####....
~~~.......###......##..## ##.....
≈~~).......###...###..## #......
≈~~..........#####~...# #......
≈~~~....##....~~~~~~.######....##


You could see 3 merfolk impalers, 3 merfolk and a moth of wrath.

Vanquished Creatures
  A golden dragon (IceCv)
  Rupert (D:12)
  Gastronok (Lair:2)
  The ghost of Liimbo the Severer, an adept FoWn of the Shining One (Shoals:2)
  2 orc warlords
  A dire elephant (D:15)
  Nessos (Orc:2)
  An ettin (shapeshifter) (D:14)
  An ettin (Orc:1)
  2 merfolk impalers
  A fire dragon (Lair:5)
  6 ice dragons
  A great orb of eyes (D:15)
  8 hydras
  7 centaur warriors
  2 boulder beetles
  3 catoblepae (Lair:5)
  12 death yaks
  3 orc high priests
  Urug (D:10)
  Sonja (D:12)
  5 skysharks
  An orb spider (Lair:3)
  2 sea snakes
  A swamp dragon (Lair:5)
  A harpy (shapeshifter) (D:14)
  An orange crystal statue (IceCv)
  Pikel (D:7)
  4 deep elf pyromancers
  5 orc knights
  An oklob plant (Orc:1)
  3 lindwurms (Lair:5)
  3 orc sorcerers
  5 harpies (Shoals:1)
  6 fauns (Shoals:2)
  11 manticores
  15 ugly things
  8 cyclopes
  A salamander (D:15)
  An ice statue (D:14)
  A moth of wrath (Shoals:2)
  5 black mambas
  4 merfolk sirens
  12 elephants
  2 water nymphs
  4 storm dragon simulacra (IceCv)
  3 gargoyles
  2 torpor snails
  18 cane toads
  An unseen horror (D:11)
  8 rime drakes
  Psyche (D:11)
  15 komodo dragons
  2 kobold demonologists
  4 golden dragon simulacra (IceCv)
  2 wind drakes
  12 trolls
  3 merfolk (Lair:2)
  A hornet (D:9)
  3 polar bears
  24 blink frogs
  2 snapping turtles (Shoals:2)
  7 dream sheep (Lair:5)
  Sigmund (D:4)
  2 shadows (D:12)
  11 slime creatures
  A water elemental (Shoals:2)
  3 fire bats (Orc:1)
  4 wraiths (D:11)
  8 wyverns
  6 basilisks
  40 yaks
  A golden eye (shapeshifter) (D:14)
  6 steam dragons
  4 vampire mosquitoes (D:11)
  9 wargs
  7 acid dragons
  16 water moccasins
  2 sky beasts
  Duvessa (D:4)
  3 ice beasts
  35 orc warriors
  A black bear (D:7)
  2 swamp drakes (Lair:5)
  5 ogres
  5 ice dragon simulacra (IceCv)
  17 centaurs
  10 wolves
  A lemure (D:7)
  9 kobold brigands
  Blork the orc (D:6)
  2 gnoll sergeants
  4 scorpions
  16 bullfrogs
  3 wights (D:9)
  Dowan (D:4)
  13 killer bees
  8 lindwurm simulacra (IceCv)
  3 howler monkeys
  8 electric eels (D:11)
  4 jellies
  13 orc priests
  4 hounds
  3 gnoll boudas
  7 iguanas
  A sleepcap (D:8)
  19 orc wizards
  2 hound zombies (D:3)
  6 adders
  16 gnolls
  A shadow imp (D:5)
  3 white imps
  2 ufetubi (D:5)
  2 worms (D:2)
  4 dart slugs
  88 orcs
  5 endoplasms
  2 giant cockroaches
  11 goblins
  6 hobgoblins
  5 quokkas
  3 training dummies (Shoals:2)
  4 ball pythons
  A ball python zombie (D:3)
  2 bats
  6 frilled lizards
  35 kobolds
  7 rats
  A plant (Shoals:1)
800 creatures vanquished.

Vanquished Creatures (collateral kills)
  A boulder beetle (D:11)
  An orc knight (Orc:2)
  An ugly thing (D:11)
  The ghost of MisterFreud the Changer, a novice DrTm of Yredelemnul (D:5)
  A kobold demonologist (D:11)
  An orc warrior (D:5)
  An ogre (D:11)
  2 orc priests (D:11)
  4 orcs (D:11)
  A hobgoblin (D:11)
  A quokka (D:5)
15 creatures vanquished.

Vanquished Creatures (others)
  A water nymph (Shoals:1)
  A demonic plant (D:5)
  38 fungi
  80 plants
120 creatures vanquished.

Grand Total: 935 creatures vanquished

Notes
Turn   | Place    | Note
-------+----------+-------------------------------------------
     0 | D:1      | LLlMATKO the Minotaur Berserker began the quest for the
                  | Orb.
     0 | D:1      | Reached XP level 1. HP: 19/19 MP: 0/0
    59 | D:1      | Found a faded altar of an unknown god.
   295 | D:1      | Reached XP level 2. HP: 27/27 MP: 1/1
   900 | D:2      | Reached skill level 3 in Armour
   950 | D:2      | Reached ** piety under Trog
   951 | D:2      | Reached XP level 3. HP: 33/33 MP: 2/2
   978 | D:2      | Found Eciagrit's Book Boutique.
  1521 | D:3      | Reached XP level 4. HP: 27/41 MP: 3/3
  1574 | D:3      | Found a basalt altar of Yredelemnul.
  2191 | D:3      | Found a bloodstained altar of Trog.
  2416 | D:4      | Noticed a kobold brigand
  2582 | D:4      | Noticed Sigmund
  2608 | D:4      | Killed Sigmund
  2609 | D:4      | Reached skill level 5 in Fighting
  2609 | D:4      | Reached skill level 5 in Axes
  2609 | D:4      | Reached skill level 4 in Armour
  2609 | D:4      | Reached XP level 5. HP: 22/48 MP: 4/4
  2609 | D:4      | Reached XP level 6. HP: 26/56 MP: 5/5
  2750 | D:4      | Noticed Duvessa
  2750 | D:4      | Noticed Dowan
  2756 | D:4      | Killed Duvessa
  2760 | D:4      | Killed Dowan
  3264 | D:4      | Reached skill level 5 in Armour
  3264 | D:4      | Reached XP level 7. HP: 60/62 MP: 6/6
  3317 | D:4      | Noticed a steam dragon
  3330 | D:4      | Killed a steam dragon
  3568 | D:4      | Reached skill level 5 in Dodging
  4087 | D:5      | Entered Level 5 of the Dungeon
  4203 | D:5      | Reached *** piety under Trog
  4274 | D:5      | Found a runed translucent gate.
  4274 | D:5      | Found a runed translucent gate.
  4276 | D:5      | Found a runed translucent gate.
  4277 | D:5      | Noticed MisterFreud's ghost (novice DrTm)
  4422 | D:5      | Found a staircase to the Ecumenical Temple.
  4498 | D:5      | Reached skill level 6 in Armour
  4498 | D:5      | Reached XP level 8. HP: 58/71 MP: 7/7
  5227 | D:6      | Found a sparkling altar of Nemelex Xobeh.
  5818 | D:6      | Noticed Blork the orc
  5823 | D:6      | Killed Blork the orc
  5824 | D:6      | Reached skill level 7 in Armour
  5914 | D:6      | Reached skill level 1 in Shields
  6209 | D:6      | Reached XP level 9. HP: 81/81 MP: 8/8
  6610 | D:7      | Identified 3 scrolls of acquirement
  6610 | D:7      | Acquired a manual of Armour
  6612 | D:7      | Acquired 1025 gold pieces
  6613 | D:7      | Acquired the +2 buckler "Ukhuin" {Fly rPois Int+2}
  6713 | D:7      | Reached **** piety under Trog
  6714 | D:7      | Reached skill level 8 in Armour
  6952 | D:7      | Found a flagged portal.
  6962 | D:7      | Reached skill level 9 in Armour
  6982 | Bailey   | Entered a bailey
  7079 | Bailey   | Reached ***** piety under Trog
  7154 | Bailey   | Reached XP level 10. HP: 91/91 MP: 9/9
  7494 | D:7      | Noticed Pikel
  7500 | D:7      | Killed Pikel
  7501 | D:7      | Reached skill level 10 in Armour
  7501 | D:7      | Reached skill level 5 in Shields
  7864 | D:8      | Found an opulent altar of Gozag.
  7865 | D:8      | Found a shimmering blue altar of Sif Muna.
  7886 | D:8      | Received a gift from Trog
  8609 | D:9      | Reached skill level 11 in Armour
  8610 | D:9      | Reached skill level 10 in Fighting
  8610 | D:9      | Reached skill level 10 in Axes
  8699 | D:9      | Noticed a death yak
  8704 | D:9      | Noticed a death yak
  8705 | D:9      | Noticed a death yak
  8711 | D:9      | Killed a death yak
  8717 | D:9      | Reached XP level 11. HP: 100/100 MP: 10/10
  8720 | D:9      | Killed a death yak
  8721 | D:9      | Killed a death yak
  8722 | D:9      | Reached skill level 12 in Armour
  8910 | D:9      | Found a staircase to the Lair.
  8951 | D:9      | Paralysed by a hornet for 2 turns
  9211 | D:9      | Found an ornate altar of the Wu Jian Council.
  9352 | D:10     | Entered Level 10 of the Dungeon
  9354 | D:10     | Noticed Urug
  9365 | D:10     | Killed Urug
  9800 | D:10     | Reached skill level 13 in Armour
  9890 | D:10     | Found Zeurch's Antique Armour Shop.
 10123 | D:2      | Bought a manual of Axes for 1040 gold pieces
 10700 | D:11     | Reached skill level 10 in Dodging
 10938 | D:11     | Noticed Psyche
 10945 | D:11     | Killed Psyche
 11161 | D:11     | Noticed a deep elf pyromancer
 11170 | D:11     | Killed a deep elf pyromancer
 11171 | D:11     | Reached XP level 12. HP: 110/110 MP: 11/11
 11310 | D:11     | Noticed a boulder beetle
 11333 | D:11     | Killed a boulder beetle
 11334 | D:11     | Reached skill level 14 in Armour
 11337 | D:11     | Found a staircase to the Orcish Mines.
 11345 | D:11     | Received a gift from Trog
 12093 | D:5      | Killed MisterFreud's ghost
 12444 | D:12     | Noticed Sonja
 12456 | D:12     | Killed Sonja
 12539 | Lair:1   | Entered Level 1 of the Lair of Beasts
 12915 | Lair:1   | Reached skill level 15 in Armour
 13524 | Lair:2   | Reached skill level 10 in Shields
 13598 | Lair:2   | Noticed Gastronok
 13607 | Lair:2   | Killed Gastronok
 13674 | Lair:2   | Found a staircase to the Shoals.
 13694 | Lair:2   | Reached XP level 13. HP: 42/119 MP: 12/12
 14366 | Lair:3   | Reached skill level 16 in Armour
 14563 | Lair:3   | Found a hole to the Spider Nest.
 14693 | Lair:3   | Reached skill level 15 in Axes
 15725 | Lair:4   | Reached skill level 17 in Armour
 15846 | Lair:4   | Reached XP level 14. HP: 125/132 MP: 13/13
 16399 | Lair:5   | Entered Level 5 of the Lair of Beasts
 16408 | Lair:5   | Received a gift from Trog
 16682 | D:2      | Bought a manual of Armour for 1040 gold pieces
 17334 | Lair:5   | Found a viscous altar of Jiyva.
 17335 | Lair:5   | Found a staircase to the Slime Pits.
 17363 | Lair:5   | Found a hide-covered altar of Uskayaw.
 17364 | Lair:5   | Found an ornate altar of the Wu Jian Council.
 17427 | Lair:5   | Reached skill level 18 in Armour
 17581 | Lair:5   | Reached skill level 15 in Fighting
 17720 | Lair:5   | Identified the +2 war axe of Turmoil {flame, Dex+5} (Trog
                  | gifted it to you on level 5 of the Lair of Beasts)
 17720 | Lair:5   | Received a gift from Trog
 18114 | Orc:1    | Entered Level 1 of the Orcish Mines
 18180 | Orc:2    | Entered Level 2 of the Orcish Mines
 18184 | Orc:2    | Noticed Nessos
 18197 | Orc:2    | Killed Nessos
 18256 | Orc:2    | Found a staircase to the Elven Halls.
 18266 | Orc:2    | Found Vimiman's General Store.
 18275 | Orc:2    | Reached XP level 15. HP: 141/141 MP: 14/14
 18333 | Orc:2    | Found Iritiug's Antique Weapon Emporium.
 18595 | Orc:1    | Reached skill level 19 in Armour
 18633 | Orc:1    | Paralysed by an orc sorcerer for 5 turns
 19464 | Orc:2    | Found Baupt's Antique Armour Boutique.
 19639 | Orc:2    | Found Unutz's Jewellery Shoppe.
 19835 | D:12     | Received a gift from Trog
 19877 | D:12     | Noticed Rupert
 19890 | D:12     | Killed Rupert
 20418 | D:12     | Found Jofush's Assorted Antiques.
 20851 | D:13     | Found a broken altar of Ashenzari.
 21589 | D:14     | Found a gate to the Vaults.
 21679 | D:14     | Found a frozen archway.
 21685 | D:14     | Reached skill level 20 in Armour
 21691 | IceCv    | Entered an ice cave
 21698 | IceCv    | Received a gift from Trog
 21977 | IceCv    | Noticed a golden dragon
 21989 | IceCv    | Killed a golden dragon
 22097 | IceCv    | Identified the amulet of Edaipuelle {RegenMP Rampage
                  | Stlth+}
 22101 | IceCv    | Identified the ring of the Magpie {Wiz rPois MP+9}
 22105 | IceCv    | Identified the ring "Tumal" {MP+9 Dex+2}
 22209 | IceCv    | Reached XP level 16. HP: 144/151 MP: 15/15
 22222 | IceCv    | Identified the +5 battleaxe "Cashori" {drain, Str+4 Dex+4
                  | Stlth+}
 22790 | D:15     | Entered Level 15 of the Dungeon
 22948 | D:15     | Found a staircase to the Depths.
 22996 | D:15     | Reached skill level 15 in Dodging
 23166 | D:15     | Found an ornate altar of the Wu Jian Council.
 23688 | Shoals:1 | Entered Level 1 of the Shoals
 23703 | Shoals:1 | Reached skill level 15 in Shields
 24482 | Shoals:2 | Received a gift from Trog
 24526 | Shoals:2 | Noticed Liimbo's ghost (adept FoWn)
 24593 | Shoals:2 | Found a transporter.
 24593 | Shoals:2 | Found a transporter.
 24609 | Shoals:2 | Reached skill level 21 in Armour
 24633 | Shoals:2 | Found Xaedd's Firing Range.
 25257 | Shoals:2 | Found a bloodstained altar of Trog.
 25271 | Shoals:2 | Killed Liimbo's ghost
 25275 | Shoals:2 | HP: 8/231 [merfolk/+0 glaive[a merfolk impaler] (23)]
 25275 | Shoals:2 | Mangled by a merfolk impaler

Illustrated notes

Levels and vault maps discovered:
D:1:      eino_arrival_druids_welcome, layout_basic,
          shapermc_ecumenical_altar_gd
D:2:      layout_loops_ring, serial_shops, shop
D:3:      layout_loops_ring, nicolae_yredelemnul_corpse_copse,
          lemuel_coloured_pillars_altar
D:4:      dreamdust_elfheim, layout_basic, chequers_arboretum,
          chequers_big_river, uniq_sigmund
D:5:      layout_cave_pods, temple_doors_ab, serial_demonic, serial_demonic_f,
          serial_demonic_e, serial_demonic_b, serial_demonic_a,
          gammafunk_ghost_split
D:6:      kennysheep_six_static_rooms, layout_basic,
          mainiacjoe_overflow_surrounded_room, uniq_blork_the_orc
D:7:      layout_loops_cross, enter_bailey_5, minmay_fractal_squares_diagonal_5,
          uniq_pikel
D:8:      layout_basic, nicolae_overflow_two_pavilions
D:9:      layout_roguey, lemuel_crystal_altar, dpeg_lair_monsters
D:10:     layout_rooms, serial_shops, nicolae_shop_trees, uniq_urug
D:11:     minmay_recursive_quarters, layout_stronghold, erik_orc_3, st_stairs_5,
          serial_bayou_lake_a, uniq_psyche
D:12:     layout_roguey, serial_shops, kennysheep_mini_moat, uniq_sonja,
          uniq_rupert
D:13:     layout_cave_pods, minmay_misc_feat_pillars, nicolae_ashenzari_skybound
D:14:     layout_gridville, david_vaults_2, minmay_misc_feat_chi,
          portal_ice_cave_entry_ice_statue_one
D:15:     hangedman_depths_entry_try_elsewhere_first, layout_long_grid,
          nzn_wu_jian_council_hall
Lair:1:   layout_gridlike, serial_bayou_shore_a
Lair:2:   layout_chaotic_city, elwin_shoals_entry_stream,
          nicolae_lair_grove_arrangements, uniq_gastronok
Lair:3:   nzn_winding_woodlands_medium [nzn_winding_woodlands_5x5_cross,
          nzn_winding_woodlands_5x15_garden, nzn_winding_woodlands_5x5_default,
          nzn_winding_woodlands_hourglass, nzn_winding_woodlands_center_lodge,
          nzn_winding_woodlands_5x5_closed_star,
          nzn_winding_woodlands_5x5_checkerboard,
          nzn_winding_woodlands_5x15_sidewinder,
          nzn_winding_woodlands_5x5_three], layout_chaotic_city,
          nicolae_spider_entry_orb_guardian, beast_lair_carwin_10
Lair:4:   layout_big_grid, grunt_megastairs_5
Lair:5:   hangedman_lair_in_review, layout_cave_shapes,
          guppyfry_lair_end_dragon, minmay_slime_entry_pillars,
          nzn_masters_of_martial_movement
Shoals:1: layout_shoals
Shoals:2: cheibrodos_shoals_roost, layout_shoals,
          gammafunk_ghost_wrathful_warriors, nicolae_shop_firing_range
Orc:1:    layout_diamond_mine, nicolae_volcano_entry_batcave, mines3_lemuel
Orc:2:    grunt_orc_gardens, layout_caves, grunt_orc_garden, grunt_orc_garden,
          grunt_orc_garden, grunt_orc_garden, basic_altar, mines1_david,
          uniq_nessos

Skill      XL: |  1  2  3  4  5  6  7  8  9 10 11 12 13 14 15 16 |
---------------+-------------------------------------------------+-----
Fighting       | 4 5 6 7 9 10 11 12 14 15 16 | 16.9
Axes           | 4 5 6 7 9 10 12 14 16 18 19 | 19.9
Armour         | 3 4 5 6 7 9 11 13 15 17 18 20 21 | 21.2
Dodging        | 3 4 5 6 7 9 10 11 12 13 14 15 | 15.4
Shields        | 1 4 6 8 10 11 13 14 15 | 15.4

Action                     |  1- 3 |  4- 6 |  7- 9 | 10-12 | 13-15 | 16-18 || total
---------------------------+-------+-------+-------+-------+-------+-------++-------
  Melee: Hand axe          |   103 |    69 |    78 |       |       |       ||   250
         Headbutt          |    18 |    11 |    46 |    78 |   155 |    38 ||   346
         War axe           |       |       |   175 |   359 |     3 |       ||   537
         Punch             |       |       |     1 |       |       |       ||     1
         Unarmed           |       |       |       |     1 |       |       ||     1
         Executioner's axe |       |       |       |    96 |   207 |       ||   303
         Broad axe         |       |       |       |       |   444 |   161 ||   605
  Throw: Dart              |       |       |       |       |     1 |       ||     1
 Invoke: Berserk           |       |     2 |     7 |    11 |    10 |     3 ||    33
         Trog's Hand       |       |       |       |     3 |     1 |     1 ||     5
         Brothers in Arms  |       |       |       |     3 |     1 |       ||     4
    Use: Scroll            |       |       |    13 |     1 |    16 |       ||    30
   Stab: Distracted        |       |     1 |       |       |       |       ||     1
         Petrifying        |       |       |       |       |     1 |       ||     1
 Armour: Animal skin       |    15 |     3 |       |       |       |       ||    18
         Ring mail         |       |     1 |       |       |       |       ||     1
         Scale mail        |       |     9 |    85 |       |       |       ||    94
         Crystal plate arm |       |       |       |   285 |   454 |       ||   739
         Gold dragon scale |       |       |       |       |     3 |   133 ||   136
  Dodge: Dodged            |    47 |    35 |   167 |   202 |   431 |   129 ||  1011
  Block: Buckler           |       |       |    76 |   154 |   239 |   125 ||   594
